Lightning vs Hurricanes

Created - March-27-13 at 19:18

Goals
1 2 3 OT1 SO T
Lightning 0 0 1 0 2 2
Hurricanes 0 1 0 0 1 1
Shots
1 2 3 OT1 SO T
Lightning 9 5 12 2 4 28
Hurricanes 6 6 0 0 4 12

1st period

No Goal

Penalties :
Jarome Iginla (CAR) for High sticking (Minor) at 0:15, Duncan Keith (CAR) for Cross-checking (Minor) at 0:36, Marek Zidlicky (TBL) for Hooking (Minor) at 12:00, Mike Smith (CAR) for Slashing (Minor) at 18:03 - Ryan Wilson served the penalty.

2nd period

1. Hurricanes , Matt Greene 7 (Eric Staal) at 4:47 (SH)

Penalties :
Anton Volchenkov (CAR) for Slashing (Minor) at 0:35, Shane OBrien (CAR) for Roughing (Minor) at 3:19, Chad LaRose (CAR) for Holding (Minor) at 7:03, Eric Nystrom (TBL) for High sticking (Minor) at 10:23

3rd period

2. Lightning , Paul Stastny 13 (Jaroslav Spacek, Teddy Purcell) at 12:45

Penalties :
Jesse Winchester (CAR) for Hooking (Minor) at 0:49, Chad LaRose (CAR) for Interference (Minor) at 5:14, Ryan Wilson (CAR) for Holding (Minor) at 13:55, Ryan Wilson (CAR) for Hooking (Minor) at 16:40

Overtime #1

No Goal

Penalties :
No Penalty

Shootout

Penalty Shot by Teddy Purcell for Lightning - Stopped by Mike Smith
Penalty Shot by Joffrey Lupul for Hurricanes - Stopped by Cory Schneider
Penalty Shot by Patrick Sharp for Lightning - Goal!
Penalty Shot by Jarome Iginla for Hurricanes - Goal!
Penalty Shot by Patrick Kane for Lightning - Shot Misses the Net
Penalty Shot by Eric Staal for Hurricanes - Stopped by Cory Schneider
Penalty Shot by Tomas Plekanec for Lightning - Goal!
Penalty Shot by Chad LaRose for Hurricanes - Shot Misses the Net

Penalties :
No Penalty

Goalie Stats

Cory Schneider (TBL), 11 saves from 12 shots - (0.917), W, 35-10-3, 65:00 minutes
Mike Smith (CAR), 27 saves from 28 shots - (0.964), OTL, 43-27-5, 65:00 minutes

Players Stats for Lightning

Player Name              G  A  P  +/- PIM S  H  SB GA TA FO     MP     PP MP  PK MP  
------------------------------------------------------------------------------------
Andrej Meszaros          0  0  0  -1  0   5  3  0  0  0  0/0    25:18  10:32   1:51 
Andrew Brunette          0  0  0   0  0   0  0  0  0  0  0/0     7:51   0:00   0:00 
Brett Lebda              0  0  0   0  0   0  0  0  0  0  0/0    25:23   7:33   1:55 
Eric Nystrom             0  0  0   1  2   0  2  0  0  0  0/0     7:33   0:00   0:00 
Jaroslav Spacek          0  1  1   1  0   0  1  0  0  0  0/0    14:54   0:07   0:12 
Josh Gorges              0  0  0  -1  0   2  1  2  0  0  0/0    25:06  10:32   1:51 
Marek Zidlicky           0  0  0   0  2   0  1  0  0  0  0/0    23:34   7:40   0:00 
Martin Havlat            0  0  0  -1  0   2  0  0  0  0  1/2    20:47   9:00   0:00 
Martin St. Louis         0  0  0   0  0   2  0  0  0  0  0/0    23:37   9:12   0:00 
Mike Knuble              0  0  0   0  0   1  1  0  0  0  0/0     7:51   0:00   0:00 
Nick Spaling             0  0  0   0  0   0  0  0  0  0  2/7     9:43   0:00   1:52 
Patrick Kane             0  0  0   0  0   2  0  0  0  0  0/0    22:09   9:12   0:00 
Patrick Sharp            0  0  0   0  0   4  3  1  0  0  9/25   23:28   9:12   0:00 
Paul Stastny             1  0  1   0  0   4  0  0  0  0  8/22   21:28   9:00   2:06 
Scott Hartnell           0  0  0  -1  0   4  9  0  0  0  0/3    18:28   9:00   0:00 
Teddy Purcell            0  1  1   1  0   0  0  0  0  0  0/1     9:40   0:00   2:06 
Tim Gleason              0  0  0   1  0   0  1  2  0  0  0/0    15:44   0:00   2:07 
Tomas Plekanec           0  0  0   0  0   2  1  0  0  0  4/9    13:26   0:00   1:52 

Players Stats for Hurricanes

Player Name              G  A  P  +/- PIM S  H  SB GA TA FO     MP     PP MP  PK MP  
------------------------------------------------------------------------------------
Anton Volchenkov         0  0  0   0  2   1  0  0  0  0  0/0    21:34   1:33   6:20 
Chad LaRose              0  0  0  -1  4   1  0  0  0  0  1/1    14:00   2:04   0:00 
Daniel Winnik            0  0  0   1  0   1  0  0  0  0  2/4    14:10   0:00   8:12 
Darroll Powe             0  0  0   0  0   0  0  0  0  0  10/14  18:44   2:04   8:22 
Duncan Keith             0  0  0   0  2   0  2  2  0  0  0/0    27:28   2:25   9:29 
Eric Staal               0  1  1   0  0   0  0  0  0  0  11/14  18:46   0:00   6:48 
Filip Kuba               0  0  0   0  0   1  3  1  0  0  0/0    27:37   1:33  10:30 
Jarome Iginla            0  0  0  -1  2   3  1  0  0  0  1/1    16:41   2:04   0:00 
Jason Chimera            0  0  0   0  0   0  2  1  0  0  0/0    16:33   1:54   0:00 
Jeff Halpern             0  0  0   0  0   1  0  0  0  0  8/14   20:02   0:00  11:24 
Jesse Winchester         0  0  0   0  2   0  1  0  0  0  5/10   14:38   0:00   0:00 
Joffrey Lupul            0  0  0   0  0   1  1  0  0  0  2/2    18:53   1:54   0:00 
Matt Greene              1  0  1   0  0   1  2  0  0  0  0/0    23:44   0:00   7:42 
Maxim Lapierre           0  0  0   0  0   2  2  0  0  0  2/3     7:09   1:54   0:00 
Ryan Wilson              0  0  0   0  4   0  4  0  0  0  0/0    15:57   2:25   0:00 
Shane OBrien             0  0  0   0  2   0  3  1  0  0  0/0    12:54   0:00   1:41 
Sheldon Brookbank        0  0  0   0  0   0  1  0  0  0  0/0     5:56   0:00   0:41 
Warren Peters            0  0  0   0  0   0  0  0  0  0  3/6     5:15   0:00   0:00 

3 Stars

1 - Mike Smith (CAR)
2 - Matt Greene (CAR)
3 - Paul Stastny (TBL)

Power Play

Lightning - 0 on 10 Attempt(s) - 0.00%
Hurricanes - 0 on 2 Attempt(s) - 0.00%

Penalty Kill

Lightning - 2 on 2 Attempt(s) - 100.00% - Score 0 goal in Penalty Kill
Hurricanes - 10 on 10 Attempt(s) - 100.00% - Score 1 goal in Penalty Kill

Official

Referees : Dan O'Halloran and Stephen Walkom
Linesman : Shane Heyer and Jonny Murray

Game Notes

No Game Note

Finance

Level 1 -- Attendance: 5788 (96.47%) -- Ticket Income $578,800
Level 2 -- Attendance: 5000 (100.00%) -- Ticket Income $325,000
Level 3 -- Attendance: 3500 (100.00%) -- Ticket Income $157,500
Level 4 -- Attendance: 3069 (95.02%) -- Ticket Income $82,863
Luxury Box -- Attendance: 981 (98.10%) -- Ticket Income $196,200
Game was played at the PNC Arena
Total Attendance: 18338 (97.91%)
Total Ticket Income: $1,340,363
Other Income: $201,054
Total Income: $1,541,417


% Time on Ice - Lightning

Lines # - Real PCT - Wanted PCT - Time Play
Normal Forward
1 - 34% - 35% - 12:57
2 - 25% - 30% - 9:28
3 - 20% - 25% - 7:34
4 - 21% - 10% - 7:51
Normal Defense
1 - 36% - 40% - 13:36
2 - 28% - 30% - 10:37
3 - 36% - 20% - 13:37
4 - 0% - 10% - 0:00
PP Forward
1 - 51% - 60% - 9:12
2 - 49% - 40% - 9:00
PP Defense
1 - 42% - 60% - 7:40
2 - 58% - 40% - 10:32
PK Forward
1 - 53% - 50% - 2:06
2 - 47% - 50% - 1:52
PK Defense
1 - 53% - 60% - 2:07
2 - 47% - 40% - 1:51
PK3 Forward
1 - 0% - 50%
2 - 0% - 50%
PK3 Defense
1 - 0% - 60%
2 - 0% - 40%
44 Forward
1 - 71% - 60% - 3:32
2 - 29% - 40% - 1:28
44 Defense
1 - 46% - 60% - 2:19
2 - 54% - 40% - 2:41
Last Minute Offensive  - 0:00
Last Minute Defensive  - 0:00
Total
Forward - 65:00
Defense - 65:00

% Time on Ice - Hurricanes

Lines # - Real PCT - Wanted PCT - Time Play
Normal Forward
1 - 32% - 35% - 11:58
2 - 39% - 35% - 14:39
3 - 16% - 20% - 5:58
4 - 14% - 10% - 5:15
Normal Defense
1 - 31% - 35% - 11:37
2 - 36% - 35% - 13:42
3 - 30% - 15% - 11:14
4 - 3% - 15% - 1:17
PP Forward
1 - 52% - 50% - 2:04
2 - 48% - 50% - 1:54
PP Defense
1 - 61% - 50% - 2:25
2 - 39% - 50% - 1:33
PK Forward
1 - 49% - 50% - 8:12
2 - 51% - 50% - 8:22
PK Defense
1 - 57% - 50% - 9:26
2 - 43% - 50% - 7:08
PK3 Forward
1 - 55% - 50% - 0:54
2 - 45% - 50% - 0:44
PK3 Defense
1 - 45% - 50% - 0:44
2 - 55% - 50% - 0:54
44 Forward
1 - 53% - 50% - 2:40
2 - 47% - 50% - 2:20
44 Defense
1 - 53% - 50% - 2:40
2 - 47% - 50% - 2:20
Last Minute Offensive  - 0:00
Last Minute Defensive  - 0:00
Total
Forward - 65:00
Defense - 65:00

Play by Play

1st period


0:01 of 1st period - Eric Staal wins face-off versus Patrick Sharp in neutral zone.
0:10 of 1st period - Shot by Eric Staal.
0:10 of 1st period - Shot Blocked by Patrick Sharp.
0:15 of 1st period - Minor Penalty to Jarome Iginla for High sticking.
0:16 of 1st period - Jeff Halpern wins face-off versus Paul Stastny in Hurricanes zone.
0:30 of 1st period - Martin Havlat is hit by Filip Kuba and loses puck.
0:36 of 1st period - Minor Penalty to Duncan Keith for Cross-checking.
0:37 of 1st period - Eric Staal wins face-off versus Patrick Sharp in Hurricanes zone.
1:02 of 1st period - Shot by Patrick Sharp.
1:02 of 1st period - Shot Misses the Net.
1:53 of 1st period - Shot by Andrej Meszaros.
1:53 of 1st period - Shot Blocked by Filip Kuba.
3:11 of 1st period - Shot by Joffrey Lupul.
3:11 of 1st period - Shot Misses the Net.
3:36 of 1st period - Icing by Josh Gorges.
3:37 of 1st period - Paul Stastny wins face-off versus Jeff Halpern in Lightning zone.
3:54 of 1st period - Anton Volchenkov is hit by Eric Nystrom and loses puck.
3:59 of 1st period - Shot by Andrej Meszaros.
3:59 of 1st period - Stopped by Mike Smith without a rebound.
4:00 of 1st period - Eric Staal wins face-off versus Tomas Plekanec in Hurricanes zone.
4:35 of 1st period - Shot by Jarome Iginla.
4:35 of 1st period - Stopped by Cory Schneider without a rebound.
4:36 of 1st period - Patrick Sharp wins face-off versus Jesse Winchester in Lightning zone.
6:19 of 1st period - Brett Lebda is hit by Joffrey Lupul and loses puck.
6:32 of 1st period - Shot by Jarome Iginla.
6:32 of 1st period - Shot Misses the Net.
6:34 of 1st period - Shot by Jarome Iginla.
6:34 of 1st period - Stopped by Cory Schneider without a rebound.
6:35 of 1st period - Eric Staal wins face-off versus Nick Spaling in Lightning zone.
6:35 of 1st period - Duncan Keith is hit by Josh Gorges and loses puck.
8:26 of 1st period - Icing by Darroll Powe.
8:27 of 1st period - Daniel Winnik wins face-off versus Paul Stastny in Hurricanes zone.
8:27 of 1st period - Daniel Winnik is hit by Eric Nystrom.
8:50 of 1st period - Paul Stastny is hit by Ryan Wilson and loses puck.
8:55 of 1st period - Shot by Paul Stastny.
8:55 of 1st period - Shot Misses the Net.
8:57 of 1st period - Shot by Paul Stastny.
8:57 of 1st period - Shot Misses the Net.
9:35 of 1st period - Shot by Scott Hartnell.
9:35 of 1st period - Stopped by Mike Smith without a rebound.
9:36 of 1st period - Patrick Sharp wins face-off versus Warren Peters in Hurricanes zone.
10:11 of 1st period - Shot by Patrick Kane.
10:11 of 1st period - Shot Misses the Net.
10:40 of 1st period - Shot by Martin Havlat.
10:40 of 1st period - Stopped by Mike Smith without a rebound.
10:41 of 1st period - Tomas Plekanec wins face-off versus Jesse Winchester in Hurricanes zone.
10:45 of 1st period - Icing by Duncan Keith.
10:46 of 1st period - Joffrey Lupul wins face-off versus Tomas Plekanec in Hurricanes zone.
10:46 of 1st period - Joffrey Lupul is hit by Scott Hartnell.
10:49 of 1st period - Icing by Duncan Keith.
10:50 of 1st period - Jesse Winchester wins face-off versus Tomas Plekanec in Hurricanes zone.
12:00 of 1st period - Minor Penalty to Marek Zidlicky for Hooking.
12:01 of 1st period - Darroll Powe wins face-off versus Paul Stastny in Lightning zone.
12:02 of 1st period - Shot by Filip Kuba.
12:02 of 1st period - Stopped by Cory Schneider without a rebound.
12:03 of 1st period - Darroll Powe wins face-off versus Paul Stastny in Lightning zone.
12:54 of 1st period - Shot by Joffrey Lupul.
12:54 of 1st period - Shot Blocked by Tim Gleason.
12:56 of 1st period - Shot by Maxim Lapierre.
12:56 of 1st period - Stopped by Cory Schneider without a rebound.
12:57 of 1st period - Maxim Lapierre wins face-off versus Paul Stastny in Lightning zone.
13:29 of 1st period - Shot by Joffrey Lupul.
13:29 of 1st period - Stopped by Cory Schneider without a rebound.
13:30 of 1st period - Chad LaRose wins face-off versus Nick Spaling in Lightning zone.
13:31 of 1st period - Shot by Duncan Keith.
13:31 of 1st period - Shot Misses the Net.
15:03 of 1st period - Tim Gleason is hit by Jesse Winchester and loses puck.
16:29 of 1st period - Shot by Daniel Winnik.
16:29 of 1st period - Stopped by Cory Schneider without a rebound.
16:30 of 1st period - Tomas Plekanec wins face-off versus Jeff Halpern in Lightning zone.
17:35 of 1st period - Icing by Brett Lebda.
17:36 of 1st period - Tomas Plekanec wins face-off versus Eric Staal in Lightning zone.
17:46 of 1st period - Icing by Ryan Wilson.
17:47 of 1st period - Patrick Sharp wins face-off versus Eric Staal in Hurricanes zone.
17:47 of 1st period - Martin St. Louis is hit by Shane OBrien and loses puck.
18:01 of 1st period - Patrick Kane is hit by Ryan Wilson.
18:03 of 1st period - Shot by Martin St. Louis.
18:03 of 1st period - Stopped by Mike Smith without a rebound.
18:03 of 1st period - Minor Penalty to Mike Smith for Slashing.
18:04 of 1st period - Darroll Powe wins face-off versus Patrick Sharp in Hurricanes zone.
18:35 of 1st period - Shot by Patrick Sharp.
18:35 of 1st period - Stopped by Mike Smith without a rebound.
18:36 of 1st period - Paul Stastny wins face-off versus Darroll Powe in Hurricanes zone.
18:39 of 1st period - Shot by Paul Stastny.
18:39 of 1st period - Stopped by Mike Smith without a rebound.
18:40 of 1st period - Darroll Powe wins face-off versus Paul Stastny in Hurricanes zone.
19:03 of 1st period - Brett Lebda is hit by Matt Greene and loses puck.
19:30 of 1st period - Shot by Andrej Meszaros.
19:30 of 1st period - Shot Misses the Net.
19:32 of 1st period - Shot by Andrej Meszaros.
19:32 of 1st period - Stopped by Mike Smith with a rebound.
19:34 of 1st period - Shot by Andrej Meszaros.
19:34 of 1st period - Stopped by Mike Smith without a rebound.
19:35 of 1st period - Darroll Powe wins face-off versus Patrick Sharp in Hurricanes zone.
19:48 of 1st period - Shot by Patrick Sharp.
19:48 of 1st period - Stopped by Mike Smith with a rebound.

2nd period


0:01 of 2nd period - Darroll Powe wins face-off versus Patrick Sharp in neutral zone.
0:03 of 2nd period - Matt Greene is hit by Scott Hartnell and loses puck.
0:12 of 2nd period - Shot by Eric Staal.
0:12 of 2nd period - Shot Blocked by Josh Gorges.
0:14 of 2nd period - Shot by Chad LaRose.
0:14 of 2nd period - Stopped by Cory Schneider without a rebound.
0:15 of 2nd period - Jesse Winchester wins face-off versus Patrick Sharp in Lightning zone.
0:35 of 2nd period - Minor Penalty to Anton Volchenkov for Slashing.
0:36 of 2nd period - Paul Stastny wins face-off versus Darroll Powe in Hurricanes zone.
0:37 of 2nd period - Shot by Scott Hartnell.
0:37 of 2nd period - Shot Misses the Net.
1:09 of 2nd period - Shot by Martin Havlat.
1:09 of 2nd period - Shot Blocked by Shane OBrien.
1:37 of 2nd period - Icing by Andrej Meszaros.
1:38 of 2nd period - Paul Stastny wins face-off versus Jeff Halpern in Lightning zone.
3:18 of 2nd period - Jaroslav Spacek is hit by Ryan Wilson and loses puck.
3:19 of 2nd period - Minor Penalty to Shane OBrien for Roughing.
3:20 of 2nd period - Darroll Powe wins face-off versus Paul Stastny in Hurricanes zone.
3:20 of 2nd period - Darroll Powe is hit by Scott Hartnell.
3:50 of 2nd period - Shot by Martin Havlat.
3:50 of 2nd period - Stopped by Mike Smith without a rebound.
3:51 of 2nd period - Patrick Sharp wins face-off versus Daniel Winnik in Hurricanes zone.
4:45 of 2nd period - Icing by Josh Gorges.
4:46 of 2nd period - Eric Staal wins face-off versus Scott Hartnell in Lightning zone.
4:47 of 2nd period - Shot by Matt Greene.
4:47 of 2nd period - Goal by Matt Greene - Lightning : 0 - Hurricanes : 1.
4:48 of 2nd period - Paul Stastny wins face-off versus Darroll Powe in neutral zone.
4:51 of 2nd period - Shot by Andrej Meszaros.
4:51 of 2nd period - Shot Misses the Net.
4:53 of 2nd period - Shot by Andrej Meszaros.
4:53 of 2nd period - Stopped by Mike Smith without a rebound.
4:54 of 2nd period - Jeff Halpern wins face-off versus Scott Hartnell in Hurricanes zone.
5:30 of 2nd period - Shot by Patrick Sharp.
5:30 of 2nd period - Stopped by Mike Smith with a rebound.
5:51 of 2nd period - Joffrey Lupul is hit by Tim Gleason and loses puck.
6:44 of 2nd period - Shot by Chad LaRose.
6:44 of 2nd period - Deflect By Eric Staal.
6:44 of 2nd period - Shot Misses the Net.
6:46 of 2nd period - Shot by Filip Kuba.
6:46 of 2nd period - Shot Misses the Net.
6:50 of 2nd period - Shot by Eric Staal.
6:50 of 2nd period - Shot Misses the Net.
6:54 of 2nd period - Shot by Jarome Iginla.
6:54 of 2nd period - Shot Misses the Net.
7:03 of 2nd period - Minor Penalty to Chad LaRose for Holding.
7:04 of 2nd period - Daniel Winnik wins face-off versus Patrick Sharp in Hurricanes zone.
7:39 of 2nd period - Shot by Patrick Kane.
7:39 of 2nd period - Shot Misses the Net.
7:58 of 2nd period - Scott Hartnell is hit by Duncan Keith and loses puck.
9:11 of 2nd period - Tim Gleason is hit by Jason Chimera and loses puck.
9:41 of 2nd period - Off-side.
9:42 of 2nd period - Eric Staal wins face-off versus Martin Havlat in neutral zone.
9:42 of 2nd period - Eric Staal is hit by Scott Hartnell.
9:45 of 2nd period - Off-side.
9:46 of 2nd period - Eric Staal wins face-off versus Tomas Plekanec in neutral zone.
10:01 of 2nd period - Jarome Iginla is hit by Scott Hartnell and loses puck.
10:22 of 2nd period - Shot by Tomas Plekanec.
10:22 of 2nd period - Deflect By Scott Hartnell.
10:22 of 2nd period - Stopped by Mike Smith without a rebound.
10:23 of 2nd period - Jeff Halpern wins face-off versus Paul Stastny in Hurricanes zone.
10:23 of 2nd period - Minor Penalty to Eric Nystrom for High sticking.
10:24 of 2nd period - Paul Stastny wins face-off versus Maxim Lapierre in Lightning zone.
12:11 of 2nd period - Shot by Duncan Keith.
12:11 of 2nd period - Shot Blocked by Tim Gleason.
12:38 of 2nd period - Shot by Darroll Powe.
12:38 of 2nd period - Shot Misses the Net.
12:40 of 2nd period - Shot by Jeff Halpern.
12:40 of 2nd period - Stopped by Cory Schneider without a rebound.
12:41 of 2nd period - Eric Staal wins face-off versus Patrick Sharp in Lightning zone.
12:50 of 2nd period - Shot by Jarome Iginla.
12:50 of 2nd period - Stopped by Cory Schneider without a rebound.
12:51 of 2nd period - Warren Peters wins face-off versus Paul Stastny in Lightning zone.
12:51 of 2nd period - Warren Peters is hit by Andrej Meszaros.
14:43 of 2nd period - Shot by Joffrey Lupul.
14:43 of 2nd period - Shot Misses the Net.
16:19 of 2nd period - Off-side.
16:20 of 2nd period - Eric Staal wins face-off versus Teddy Purcell in neutral zone.
16:59 of 2nd period - Paul Stastny is hit by Jarome Iginla and loses puck.
17:04 of 2nd period - Shot by Jarome Iginla.
17:04 of 2nd period - Shot Misses the Net.
17:43 of 2nd period - Shot by Patrick Sharp.
17:43 of 2nd period - Stopped by Mike Smith without a rebound.
17:44 of 2nd period - Martin Havlat wins face-off versus Warren Peters in Hurricanes zone.
17:44 of 2nd period - Tomas Plekanec is hit by Matt Greene and loses puck.
17:50 of 2nd period - Icing by Warren Peters.
17:51 of 2nd period - Warren Peters wins face-off versus Patrick Sharp in Hurricanes zone.
17:51 of 2nd period - Warren Peters is hit by Patrick Sharp.
17:57 of 2nd period - Josh Gorges is hit by Sheldon Brookbank and loses puck.
18:16 of 2nd period - Shot by Matt Greene.
18:16 of 2nd period - Shot Misses the Net.
18:18 of 2nd period - Shot by Anton Volchenkov.
18:18 of 2nd period - Stopped by Cory Schneider with a rebound.
18:20 of 2nd period - Shot by Matt Greene.
18:20 of 2nd period - Shot Blocked by Josh Gorges.
18:30 of 2nd period - Shot by Maxim Lapierre.
18:30 of 2nd period - Stopped by Cory Schneider with a rebound.
19:10 of 2nd period - Shot by Martin Havlat.
19:10 of 2nd period - Shot Misses the Net.

3rd period


0:01 of 3rd period - Jarome Iginla wins face-off versus Patrick Sharp in neutral zone.
0:31 of 3rd period - Anton Volchenkov is hit by Marek Zidlicky and loses puck.
0:49 of 3rd period - Minor Penalty to Jesse Winchester for Hooking.
0:50 of 3rd period - Jeff Halpern wins face-off versus Paul Stastny in Hurricanes zone.
2:39 of 3rd period - Eric Staal is hit by Andrej Meszaros and loses puck.
2:44 of 3rd period - Shot by Eric Staal.
2:44 of 3rd period - Shot Misses the Net.
3:02 of 3rd period - Shot by Mike Knuble.
3:02 of 3rd period - Stopped by Mike Smith without a rebound.
3:03 of 3rd period - Warren Peters wins face-off versus Nick Spaling in Hurricanes zone.
3:03 of 3rd period - Warren Peters is hit by Mike Knuble.
3:20 of 3rd period - Off-side.
3:21 of 3rd period - Patrick Sharp wins face-off versus Jesse Winchester in neutral zone.
4:14 of 3rd period - Tim Gleason is hit by Jason Chimera.
4:30 of 3rd period - Shot by Nick Spaling.
4:30 of 3rd period - Shot Blocked by Jason Chimera.
5:07 of 3rd period - Martin Havlat is hit by Duncan Keith and loses puck.
5:14 of 3rd period - Minor Penalty to Chad LaRose for Interference.
5:15 of 3rd period - Patrick Sharp wins face-off versus Daniel Winnik in Hurricanes zone.
5:18 of 3rd period - Shot by Patrick Kane.
5:18 of 3rd period - Stopped by Mike Smith without a rebound.
5:19 of 3rd period - Jeff Halpern wins face-off versus Patrick Sharp in Hurricanes zone.
5:19 of 3rd period - Jeff Halpern is hit by Patrick Sharp.
6:23 of 3rd period - Filip Kuba is hit by Scott Hartnell and loses puck.
6:50 of 3rd period - Shot by Scott Hartnell.
6:50 of 3rd period - Stopped by Mike Smith without a rebound.
6:51 of 3rd period - Darroll Powe wins face-off versus Patrick Sharp in Hurricanes zone.
7:15 of 3rd period - Off-side.
7:16 of 3rd period - Maxim Lapierre wins face-off versus Nick Spaling in neutral zone.
7:52 of 3rd period - Warren Peters is hit by Jaroslav Spacek.
8:17 of 3rd period - Off-side.
8:18 of 3rd period - Jesse Winchester wins face-off versus Tomas Plekanec in neutral zone.
8:41 of 3rd period - Off-side.
8:42 of 3rd period - Eric Staal wins face-off versus Patrick Sharp in neutral zone.
8:44 of 3rd period - Jarome Iginla is hit by Andrej Meszaros.
8:59 of 3rd period - Icing by Anton Volchenkov.
9:00 of 3rd period - Tomas Plekanec wins face-off versus Eric Staal in Hurricanes zone.
9:12 of 3rd period - Eric Staal is hit by Scott Hartnell and loses puck.
9:56 of 3rd period - Martin St. Louis is hit by Filip Kuba and loses puck.
10:01 of 3rd period - Shot by Patrick Kane.
10:01 of 3rd period - Shot Misses the Net.
10:03 of 3rd period - Shot by Patrick Kane.
10:03 of 3rd period - Stopped by Mike Smith without a rebound.
10:04 of 3rd period - Paul Stastny wins face-off versus Darroll Powe in Hurricanes zone.
10:19 of 3rd period - Teddy Purcell is hit by Ryan Wilson and loses puck.
10:22 of 3rd period - Shot by Paul Stastny.
10:22 of 3rd period - Stopped by Mike Smith without a rebound.
10:23 of 3rd period - Patrick Sharp wins face-off versus Jesse Winchester in Hurricanes zone.
12:45 of 3rd period - Shot by Paul Stastny.
12:45 of 3rd period - Goal by Paul Stastny - Lightning : 1 - Hurricanes : 1.
12:46 of 3rd period - Nick Spaling wins face-off versus Jeff Halpern in neutral zone.
13:43 of 3rd period - Shot by Martin St. Louis.
13:43 of 3rd period - Stopped by Mike Smith without a rebound.
13:44 of 3rd period - Jesse Winchester wins face-off versus Scott Hartnell in Hurricanes zone.
13:44 of 3rd period - Jesse Winchester is hit by Scott Hartnell.
13:49 of 3rd period - Joffrey Lupul is hit by Scott Hartnell and loses puck.
13:55 of 3rd period - Minor Penalty to Ryan Wilson for Holding.
13:56 of 3rd period - Jeff Halpern wins face-off versus Patrick Sharp in Hurricanes zone.
14:55 of 3rd period - Shot by Martin Havlat.
14:55 of 3rd period - Deflect By Paul Stastny.
14:55 of 3rd period - Stopped by Mike Smith with a rebound.
14:57 of 3rd period - Shot by Scott Hartnell.
14:57 of 3rd period - Stopped by Mike Smith with a rebound.
14:59 of 3rd period - Shot by Scott Hartnell.
14:59 of 3rd period - Shot Misses the Net.
15:01 of 3rd period - Shot by Josh Gorges.
15:01 of 3rd period - Stopped by Mike Smith without a rebound.
15:02 of 3rd period - Eric Staal wins face-off versus Paul Stastny in Hurricanes zone.
15:32 of 3rd period - Shot by Scott Hartnell.
15:32 of 3rd period - Shot Misses the Net.
15:34 of 3rd period - Shot by Josh Gorges.
15:34 of 3rd period - Stopped by Mike Smith without a rebound.
15:35 of 3rd period - Patrick Sharp wins face-off versus Jeff Halpern in Hurricanes zone.
15:40 of 3rd period - Shot by Marek Zidlicky.
15:40 of 3rd period - Shot Blocked by Duncan Keith.
16:09 of 3rd period - Icing by Nick Spaling.
16:10 of 3rd period - Nick Spaling wins face-off versus Warren Peters in Lightning zone.
16:10 of 3rd period - Tim Gleason is hit by Maxim Lapierre and loses puck.
16:16 of 3rd period - Tim Gleason is hit by Maxim Lapierre and loses puck.
16:40 of 3rd period - Minor Penalty to Ryan Wilson for Hooking.
16:41 of 3rd period - Jeff Halpern wins face-off versus Patrick Sharp in Hurricanes zone.
17:46 of 3rd period - Shot by Andrej Meszaros.
17:46 of 3rd period - Stopped by Mike Smith without a rebound.
17:47 of 3rd period - Darroll Powe wins face-off versus Paul Stastny in Hurricanes zone.
17:56 of 3rd period - Shot by Josh Gorges.
17:56 of 3rd period - Shot Blocked by Duncan Keith.
17:58 of 3rd period - Shot by Scott Hartnell.
17:58 of 3rd period - Shot Misses the Net.
18:00 of 3rd period - Shot by Paul Stastny.
18:00 of 3rd period - Shot Misses the Net.
18:02 of 3rd period - Shot by Josh Gorges.
18:02 of 3rd period - Shot Misses the Net.
18:43 of 3rd period - Icing by Tim Gleason.
18:44 of 3rd period - Jesse Winchester wins face-off versus Nick Spaling in Lightning zone.
18:50 of 3rd period - Tim Gleason is hit by Shane OBrien and loses puck.
19:06 of 3rd period - Icing by Shane OBrien.
19:07 of 3rd period - Patrick Sharp wins face-off versus Jesse Winchester in Hurricanes zone.
19:30 of 3rd period - Patrick Sharp is hit by Shane OBrien and loses puck.

Overtime #1


0:01 of 1st overtime period - Paul Stastny wins face-off versus Jeff Halpern in neutral zone.
0:05 of 1st overtime period - Marek Zidlicky is hit by Filip Kuba and loses puck.
1:53 of 1st overtime period - Icing by Brett Lebda.
1:54 of 1st overtime period - Jeff Halpern wins face-off versus Paul Stastny in Lightning zone.
2:39 of 1st overtime period - Shot by Tomas Plekanec.
2:39 of 1st overtime period - Stopped by Mike Smith without a rebound.
2:40 of 1st overtime period - Darroll Powe wins face-off versus Paul Stastny in Hurricanes zone.
2:40 of 1st overtime period - Darroll Powe is hit by Tomas Plekanec.
3:31 of 1st overtime period - Shot by Patrick Sharp.
3:31 of 1st overtime period - Shot Misses the Net.
4:24 of 1st overtime period - Shot by Tomas Plekanec.
4:24 of 1st overtime period - Stopped by Mike Smith without a rebound.
4:25 of 1st overtime period - Joffrey Lupul wins face-off versus Patrick Sharp in Hurricanes zone.
4:25 of 1st overtime period - Joffrey Lupul is hit by Patrick Sharp.

ShootOut


5:00 of 1st overtime period - Penalty Shot by Teddy Purcell for Lightning.
5:00 of 1st overtime period - Stopped by Mike Smith.
5:00 of 1st overtime period - Penalty Shot by Joffrey Lupul for Hurricanes.
5:00 of 1st overtime period - Stopped by Cory Schneider.
5:00 of 1st overtime period - Penalty Shot by Patrick Sharp for Lightning.
5:00 of 1st overtime period - Goal by Patrick Sharp.
5:00 of 1st overtime period - Penalty Shot by Jarome Iginla for Hurricanes.
5:00 of 1st overtime period - Goal by Jarome Iginla.
5:00 of 1st overtime period - Penalty Shot by Patrick Kane for Lightning.
5:00 of 1st overtime period - Shot Misses the Net.
5:00 of 1st overtime period - Penalty Shot by Eric Staal for Hurricanes.
5:00 of 1st overtime period - Stopped by Cory Schneider.
5:00 of 1st overtime period - Penalty Shot by Tomas Plekanec for Lightning.
5:00 of 1st overtime period - Goal by Tomas Plekanec.
5:00 of 1st overtime period - Penalty Shot by Chad LaRose for Hurricanes.
5:00 of 1st overtime period - Shot Misses the Net.


Output by the SimonT Hockey Simulator (STHS) for Stephane Roy -- Original Page W3C XHTML 1.0 Valid
Hockey Simulator - Hockey Simulation - Hockey Manager